 Dungeon Crawl Stone Soup version 0.30-a0-424-g7412bad402 (webtiles) character file.

Game seed: 8478545038687422351

1261 funkygono the Firebug (level 8, 0/54 HPs)
             Began as a Demonspawn Fire Elementalist on Dec 9, 2022.
             Succumbed to a gnoll's poison
             ... on level 5 of the Dungeon.
             The game lasted 00:07:49 (5571 turns).

funkygono the Firebug (DsFE)                        Turns: 5571, Time: 00:07:50

Health: 0/54       AC:  5    Str:  8    XL:     8   Next: 27%
Magic:  2/17       EV: 16    Int: 19    God:
Gold:   175        SH:  0    Dex: 14    Spells: 9/19 levels left

rFire   . . .      SeeInvis .    G - +0 flail (venom)
rCold   . . .      Faith    .    (no shield)
rNeg    . . .      Spirit   .    a - +0 robe
rPois   .          Reflect  .    (no helmet)
rElec   .          Harm     .    (no cloak)
rCorr   .          Rampage  .    (no gloves)
Will    .....                    r - +1 pair of boots
Stlth   ++........               (no amulet)
HPRegen 0.29/turn                l - +4 ring of evasion
MPRegen 0.30/turn                (no ring)

@: lethally poisoned (0 -> -13)
A: powered by pain 1, magic regeneration, sharp scales 1, weakness stinger 1
a: no special abilities


You were on level 5 of the Dungeon.
You visited 1 branch of the dungeon, and saw 5 of its levels.

You collected 175 gold pieces.

Inventory:

Hand Weapons
 g - a +1 flail of protection
 i - a +0 dagger
 u - a +2 dagger of speed
 y - a +2 dagger of freezing
 A - a +1 dagger of freezing
 G - a +0 flail of venom (weapon)
Missiles
 p - 2 throwing nets
Armour
 a - a +0 robe (worn)
 r - a +1 pair of boots (worn)
 s - +0 fire dragon scales
Jewellery
 l - a +4 ring of evasion (left hand)
Wands
 d - a wand of polymorph (10)
Scrolls
 c - a scroll of poison
 e - 2 scrolls of blinking
 j - a scroll of teleportation
 w - a scroll of torment
Potions
 b - a potion of magic
 f - a potion of curing
 k - a potion of brilliance
 m - a potion of lignification
 n - 3 potions of attraction
 q - a potion of berserk rage
 x - a potion of haste
 C - a potion of resistance {unknown}
 D - a potion of heal wounds {unknown}


   Skills:
 + Level 1.0 Fighting
 + Level 0.3 Maces & Flails
 + Level 2.3 Dodging
 - Level 1.7 Stealth
 + Level 6.0 Spellcasting
 + Level 4.3 Conjurations
 + Level 6.1 Fire Magic


You had 9 spell levels left.
You knew the following spells:

 Your Spells              Type           Power      Damage    Failure   Level
a - Foxfire               Conj/Fire      100%       2x1d9     1%          1
b - Scorch                Fire           58%        2d8       1%          2
c - Kindle Blastsparks    Fire/Tloc/Air  26%        2d12      14%         3
d - Flame Wave            Conj/Fire      25%        2d8       13%         4

Your spell library contained the following spells:

 Spells                   Type           Power      Damage    Failure   Level
 Inner Flame              Hex/Fire       17%        N/A       10%         3
 Ensorcelled Hibernation  Hex/Ice        10%        N/A       17%         2
 Frozen Ramparts          Ice            10%        1d2       32%         3
 Spider Form              Tmut/Pois      5%         N/A       32%         3
 Anguish                  Hex/Necr       2%         N/A       73%         4
 Ice Form                 Ice/Tmut       5%         N/A       73%         4
 Summon Ice Beast         Ice/Summ       5%         N/A       73%         4


Dungeon Overview and Level Annotations

Branches:
Dungeon (5/15)
 Temple: D:4-7

Altars:
Fedhas


Innate Abilities, Weirdness & Mutations

You sometimes gain a little power by taking damage.
You regenerate magic rapidly.
You are partially covered in razor-sharp scales. (AC +1, Slay +1)
You have a small tail.


Message History

The gnoll hits you from afar with a +2 spear of venom!
You are poisoned.
You feel very sick.
You feel sick.
You feel sick.
You feel sick.
You feel sick. The gnoll attacks as you move away!
The gnoll hits you but does no damage.
You feel sick.
Casting: Foxfire (safe; 1% risk of failure)
Confirm with . or Enter, or press ? or * to list all spells.
You conjure some foxfire!
You feel sick. The gnoll misses you.
Unknown command.
You feel better.
The foxfire hits the gnoll but does no damage.
The gnoll is severely wounded.
The foxfire hits the gnoll.
The gnoll is almost dead.
The gnoll barely misses you.
Unknown command.
The gnoll closely misses you. The gnoll attacks as you move away!
The gnoll hits you with a +0 quarterstaff!
* * * LOW HITPOINT WARNING * * *
Casting: Foxfire (safe; 1% risk of failure)
Confirm with . or Enter, or press ? or * to list all spells.
You conjure some foxfire!
The gnoll hits you from afar with a +2 spear of venom.
* * * LOW HITPOINT WARNING * * *
You are poisoned.
Casting: Foxfire (safe; 1% risk of failure)
Confirm with . or Enter, or press ? or * to list all spells.
You conjure some foxfire!
You feel sick.
The foxfire hits the gnoll.
You kill the gnoll!
The gnoll hits you from afar with a +2 spear of venom.
* * * LOW HITPOINT WARNING * * *
You are more poisoned.
Your Fighting skill increases to level 1!
Your foxfire dissipates!
You die...

##.)..........##..
####)#
..............##.#
#....#
#............##.#
#.####
.##..)....####.# ##.#
.#<.#†.#..####.# #.)#
##.#
#..#)....#.#####.##
...#
#.†#.###.#§##....#
...#
#..#.###.#§.vg####
...# #..#......@v###
...##.#........#.##
......#...._8_...##
..######...........#
.<.######......###...
......# ###.#.## .##
......#####...###...
..........)...)......
.........†....)....


You could see a gnoll (ally target).

Vanquished Creatures
  Menkaure (D:5)
  Duvessa (D:5)
  A black bear (D:5)
  An ogre (D:4)
  2 phantoms
  A kobold brigand (D:5)
  2 scorpions (D:5)
  Dowan (D:5)
  3 hounds (D:5)
  2 orc priests (D:5)
  Ijyb (D:4)
  4 iguanas
  2 orc wizards (D:5)
  4 adders
  2 gnolls (D:5)
  3 ufetubi
  2 worms (D:2)
  3 dart slugs
  4 orcs
  13 ball pythons
  5 endoplasms
  2 giant cockroaches (D:3)
  6 goblins
  3 hobgoblins (D:1)
  6 jackals (D:1)
  A quokka (D:2)
  3 bats
  6 frilled lizards
  11 kobolds
  6 rats
102 creatures vanquished.

Vanquished Creatures (others)
  344 foxfires
344 creatures vanquished.

Grand Total: 446 creatures vanquished

Notes
Turn   | Place    | Note
-------+----------+-------------------------------------------
     0 | D:1      | funkygono the Demonspawn Fire Elementalist began the quest
                  | for the Orb.
     0 | D:1      | Reached XP level 1. HP: 13/13 MP: 3/3
   437 | D:1      | Gained mutation: You sometimes gain a little power by
                  | taking damage. [demonic ancestry]
   437 | D:1      | Reached XP level 2. HP: 11/19 MP: 0/5
  1003 | D:1      | Gained mutation: You are partially covered in razor-sharp
                  | scales. (AC +1, Slay +1) [demonic ancestry]
  1003 | D:1      | Reached XP level 3. HP: 24/24 MP: 3/6
  1722 | D:2      | Learned a level 2 spell: Scorch
  2097 | D:2      | Found a faded altar of an unknown god.
  2523 | D:2      | Learned a level 3 spell: Kindle Blastsparks
  2601 | D:3      | Reached XP level 4. HP: 30/30 MP: 2/8
  3568 | D:4      | Noticed an ogre
  3573 | D:4      | Killed an ogre
  3574 | D:4      | Gained mutation: You regenerate magic rapidly. [demonic
                  | ancestry]
  3574 | D:4      | Reached XP level 5. HP: 35/35 MP: 4/10
  3579 | D:4      | Learned a level 4 spell: Flame Wave
  3869 | D:4      | Noticed a phantom
  3873 | D:4      | Killed a phantom
  3874 | D:4      | Gained mutation: You have a small tail. [demonic ancestry]
  3874 | D:4      | Reached XP level 6. HP: 41/41 MP: 6/12
  5022 | D:5      | Entered Level 5 of the Dungeon
  5022 | D:5      | Noticed Ijyb
  5048 | D:4      | Killed Ijyb
  5198 | D:5      | Reached XP level 7. HP: 47/47 MP: 6/14
  5261 | D:5      | Found a blossoming altar of Fedhas.
  5266 | D:5      | Reached skill level 5 in Spellcasting
  5266 | D:5      | Reached skill level 5 in Fire Magic
  5347 | D:5      | Noticed Dowan
  5351 | D:5      | Noticed Duvessa
  5351 | D:5      | Killed Dowan
  5359 | D:5      | Killed Duvessa
  5379 | D:5      | Reached XP level 8. HP: 18/53 MP: 0/16
  5544 | D:5      | Noticed Menkaure
  5548 | D:5      | Killed Menkaure
  5571 | D:5      | Reached skill level 1 in Fighting
  5571 | D:5      | Succumbed to a gnoll's poison

Illustrated notes

Levels and vault maps discovered:
D:1:      dpeg_arrival_circle_labyrinth_b, layout_loops_ring, serial_glass,
          glass_columns_a, glass_columns_b, chequers_serial_rivers_small_b
D:2:      layout_loops_ring, nicolae_ecumenical_snake_handling
D:3:      layout_loops_ring
D:4:      layout_layer_cave
D:5:      layout_basic, chequers_temple_overflow_statue_of_worship,
          minmay_holes, uniq_ijyb, uniq_duvessa, uniq_menkaure

Skill      XL: |  1  2  3  4  5  6  7  8 |
---------------+-------------------------+-----
Fire Magic     | 3 4 5 6 |  6.1
Dodging        | 2 |  2.3
Spellcasting   | 3 4 5 6 |  6.0
Conjurations   | 2 3 4 |  4.3
Fighting       | 1 |  1.0
Maces & Flails | |  0.3
Stealth        | |  1.7

Action                   |  1- 3 |  4- 6 |  7- 9 || total
-------------------------+-------+-------+-------++-------
Melee: Unarmed           |       |     6 |       ||     6
       Flail             |       |     1 |     1 ||     2
       Tailslap          |       |       |     1 ||     1
 Cast: Foxfire           |    77 |    75 |    49 ||   201
       Scorch            |       |     7 |    14 ||    21
  Use: Scroll            |       |    18 |       ||    18
       Potion            |       |     1 |     3 ||     4
 Stab: Invisible         |       |     2 |       ||     2
Armor: Robe              |     6 |     1 |     7 ||    14
       Skin              |       |     3 |       ||     3
Dodge: Dodged            |    40 |    25 |    30 ||    95

Table legend: (Time is in decaauts)
 A = Elapsed time spent in this place.
 B = Non-inter-level travel time spent in this place.
 C = Inter-level travel time spent in this place.
 D = Time resting spent in this place.
 E = Time spent auto-exploring this place.
 F = Levels seen in this place.
 G = Mean time per level.
                   A        B        C        D        E       F      G
               +--------+--------+--------+--------+--------+-----+--------+
         Total |   5571 |   5247 |    324 |    238 |   4294 |   5 | 1114.2 |
       Dungeon |   5571 |   5247 |    324 |    238 |   4294 |   5 | 1114.2 |
               +--------+--------+--------+--------+--------+-----+--------+

Top non-repeatable levels by time:
     D:1: 1476 daAuts
     D:4: 1328 daAuts
     D:3: 1193 daAuts
     D:2: 1062 daAuts
     D:5: 509 daAuts
